 Dungeon Crawl Stone Soup version 0.22-a0-558-gc2241811a9 (webtiles) character file.

30 Hercules1031 the Slasher (level 3, 30/30 HPs)
             Began as a Barachi Berserker on June 27, 2018.
             Was a Follower of Trog.
             Got out of the dungeon alive.
             The game lasted 00:04:30 (1139 turns).

Hercules1031 the Slasher (Barachi Berserker)        Turns: 1139, Time: 00:04:31

Health: 30/30      AC: 11    Str: 17    XL:     3   Next: 20%
Magic:  3/3        EV:  8    Int:  7    God:    Trog [*.....]
Gold:   59         SH:  0    Dex: 11    Spells: 2/2 levels left

rFire    . . .     SeeInvis .   i - +2 hand axe (freeze)
rCold    + . .     Gourm    .   (no shield)
rNeg     . . .     Faith    .   e - +0 chain mail
rPois    .         Spirit   .   (no helmet)
rElec    .         Reflect  .   (no cloak)
rCorr    .         Harm     .   (no gloves)
MR       .....                  (no boots)
Stlth    ..........             (no amulet)
HPRegen  0.10/turn              (no ring)
MPRegen  0.08/turn              (no ring)

@: slow
A: +LOS, swims, icy blue scales 1, cold resistance 1, slowness 1, weak 1,
subdued magic 1, strong legs 1
a: Hop, Berserk, Renounce Religion


You escaped.
You worshipped Trog.
Trog was aware of your devotion.
You were not hungry.

You visited 1 branch of the dungeon, and saw 1 of its levels.

You collected 59 gold pieces.

Inventory:

Hand Weapons
 a - a +0 falchion
 i - a +2 hand axe of freezing (weapon)
Armour
 e - a +0 chain mail (worn)
Potions
 c - a potion of agility


   Skills:
 + Level 4.0 Fighting
 * Level 4.3 Long Blades
 + Level 2.8 Armour
 + Level 2.6 Dodging


You had 2 spell levels left.
You didn't know any spells.
Your spell library was empty.

Dungeon Overview and Level Annotations

Branches:
Dungeon (1/15)

Altars:


Innate Abilities, Weirdness & Mutations

Shadows flee at your approach. (+LOS)
You can swim through water.
You cover ground slowly.
You can hop short distances.
You are partially covered in icy blue scales. (AC +2)
Your flesh is cold resistant. (rC+)
You are weak. (Str -2)
Your spells are a little easier to cast, but a little less powerful.


Message History

The hobgoblin hits you but does no damage.
The hobgoblin hits you but does no damage.
You see here a ball python corpse.
The hobgoblin barely misses you.
You hit the hobgoblin. You freeze the hobgoblin.
You kill the hobgoblin!
Trog accepts your kill.
Your Fighting skill increases to level 4!
Your chain mail prevents you from hitting the rat.
The rat closely misses you. The rat bites you but does no damage.
You hit the rat. You freeze the rat.
You kill the rat!
Trog accepts your kill.
Items here: ( ) †† a club; 21 poisoned needles; a hobgoblin corpse; a bat corpse Unknown command.
There is a staircase leading out of the dungeon here.
You can't go down here!
Are you sure you want to leave the Dungeon?
This will make you lose the game!
You have escaped!

#...........# #
##.########..# #
#..# #..### #..#
#..... #..# #....#
#..# ##.#.)
####### ######.###
#.....###.........
#@........####.###
#>.....#### #.#
#......# #.#
##############.#
#......[....#
#############


There were no monsters in sight!

Vanquished Creatures
  3 leopard geckos (D:1)
  A ball python (D:1)
  3 bats (D:1)
  A giant cockroach (D:1)
  3 goblins (D:1)
  5 hobgoblins (D:1)
  A frilled lizard (D:1)
  4 kobolds (D:1)
  4 rats (D:1)
25 creatures vanquished.

Notes
Turn   | Place    | Note
-------+----------+-------------------------------------------
     0 | D:1      | Hercules1031 the Barachi Berserker began the quest for the Orb.
     0 | D:1      | Reached XP level 1. HP: 18/18 MP: 1/1
    43 | D:1      | Reached XP level 2. HP: 2/25 MP: 2/2
   870 | D:1      | Reached XP level 3. HP: 24/30 MP: 3/3
   986 | D:1      | Gained mutation: Your spells are a little easier to cast, but a little less powerful. [potion of mutation]
   986 | D:1      | Gained mutation: Your flesh is cold resistant. (rC+) [potion of mutation]
   986 | D:1      | Gained mutation: You are weak. (Str -2) [potion of mutation]
   986 | D:1      | Gained mutation: You are partially covered in icy blue scales. (AC +2) [potion of mutation]
  1139 | D:$      | Got out of the dungeon alive.

Vault maps used:
D:1:      dpeg_arrival_fog, minmay_small_reverse_x

Skill      XL: |  1  2  3 |
---------------+----------+-----
Long Blades    | 4 |  4.3
Fighting       | 4 |  4.0
Armour         | |  2.8
Dodging        | |  2.6

Action                   || total
-------------------------++-------
Melee: Falchion          ||    56
       Hand axe          ||    10
Invok: Berserk           ||     1
  Use: Potion            ||     3
       Scroll            ||     2
  Eat: Ration            ||     1
Armor: Animal skin       ||     5
       Chain mail        ||     9
Dodge: Dodged            ||    60
       Rpst.: Falchion   ||    16

Table legend:
 A = Spawn XP
 B = Non-spawn XP
 C = Spawn XP percentage of total XP
 D = Spawn monster count
 E = Non-spawn monster count
 F = Spawn count percentage of total count
 G = Total turns spent on level
                    A         B        C        D         E        F      G
               +---------+---------+-------+---------+---------+-------+---------
         Total |       0 |      44 |   0.0 |       0 |      25 |   0.0 |  1139
               +---------+---------+-------+---------+---------+-------+---------
           D:1 |       0 |      44 |   0.0 |       0 |      25 |   0.0 |  1139
               +---------+---------+-------+---------+---------+-------+---------
